 Dungeon Crawl Stone Soup version 0.30.1-9-gdf580d7c3d (webtiles) character file.

Game seed: 8368299313668687193

48263 leafyfresh the Warrior (level 14, -4/166 HPs)
             Began as an Ogre Ice Elementalist on Oct 15, 2023.
             Was an Initiate of Gozag.
             Slain by a cane toad (8 damage)
             ... while petrified by a catoblepas
             ... on level 5 of the Lair of Beasts.
             The game lasted 00:35:48 (17046 turns).

leafyfresh the Warrior (Ogre Ice Elementalist)     Turns: 17046, Time: 00:35:48

Health: -4/166     AC: 15    Str: 17    XL:     14   Next: 45%
Magic:  20/20      EV:  1    Int: 18    God:    Gozag
Gold:   4365       SH:  0    Dex: 15    Spells: 14/21 levels left

rFire   x . .        p - +11 quarterstaff of Eternity {vamp, rElec rF- rN++}
rCold   . . .        (shield currently unavailable)
rNeg    + + +        I - +5 steam dragon scales
rPois   ∞            (helmet restricted)
rElec   +            y - +2 cloak
rCorr   .            (gloves unavailable)
SInv    .            (boots unavailable)
Will    +....        Q - amulet of reflection
Stlth   ++           l - +6 ring of dexterity
HPRegen 0.47/turn    m - +5 ring of evasion
MPRegen 0.17/turn

%: reflection
@: petrified
A: large, unfitting armour, tough skin 1
a: Renounce Religion, Potion Petition, Call Merchant, Bribe Branch


You were on level 5 of the Lair of Beasts.
You worshipped Gozag.
Gozag was most pleased with you.
You visited 3 branches of the dungeon, and saw 15 of its levels.

You collected 4475 gold pieces.
You paid 110 gold pieces to Gozag.

Inventory:

Hand Weapons
 p - the +11 quarterstaff of Eternity (weapon) {vamp, rElec rF- rN++}
   (You found it on level 2 of the Dungeon)

   rF:        It makes you vulnerable to fire.
   rElec:     It insulates you from electricity.
   rN:        It greatly protects you from negative energy.
Armour
 e - the +8 chain mail of Pusips {+Inv rC+}
   (You found it on level 5 of the Lair of Beasts)

   rC:        It protects you from cold.
   +Inv:      It lets you turn invisible.
 u - a +0 buckler of resistance
 y - a +2 cloak (worn)
 I - +5 steam dragon scales (worn)
Jewellery
 a - a +6 ring of intelligence
 h - an amulet of regeneration
 l - a +6 ring of dexterity (left hand)
 m - a +5 ring of evasion (right hand)
 D - a ring of ice
 M - a ring of protection from fire
 Q - an amulet of reflection (around neck)
 T - a ring of willpower
 X - the amulet of Fish {Faith Drain Str+2 Dex+3}
   (You found it on level 2 of the Lair of Beasts)

   [amulet of faith]

   It allows you to gain divine favour quickly.
   Str:       It affects your strength (+2).
   Dex:       It affects your dexterity (+3).
   Drain:     It drains your maximum health when unequipped.
Wands
 t - a wand of polymorph (1)
 F - a wand of digging (1)
 N - a wand of light (35)
 S - a wand of iceblast (7)
 U - a wand of mindburst (11)
Scrolls
 c - 4 scrolls of enchant weapon
 d - 3 scrolls of fog
 g - 3 scrolls of amnesia
 k - a scroll of identify
 n - a scroll of summoning
 r - 3 scrolls of blinking
 s - 2 scrolls of silence
 E - a scroll of magic mapping {unknown}
 G - a scroll of acquirement {unknown}
 K - a scroll of enchant armour
 P - 6 scrolls of teleportation
 V - a scroll of brand weapon {unknown}
 W - a scroll of poison {unknown}
Potions
 b - 3 potions of magic
 f - 5 potions of flight {unknown}
 i - 8 potions of curing
 j - 6 potions of heal wounds {unknown}
 q - 3 potions of mutation {unknown}
 v - 5 potions of haste {unknown}
 w - 2 potions of might {unknown}
 x - 2 potions of brilliance {unknown}
 z - a potion of lignification {unknown}
 A - 2 potions of degeneration {unknown}
 B - 2 potions of attraction {unknown}
 H - 2 potions of ambrosia {unknown}
 J - 4 potions of cancellation {unknown}
 R - a potion of invisibility
 Z - a potion of berserk rage {unknown}


   Skills:
 + Level 17.2 Fighting
 - Level 14.0 Staves
 + Level 6.6 Armour
 + Level 12.3 Dodging
 - Level 1.4 Stealth
 - Level 4.2 Spellcasting
 - Level 3.6 Ice Magic


You had 14 spell levels left.
You knew the following spells:

 Your Spells              Type           Power      Damage    Failure   Level
a - Freeze                Ice            64%        1d7       3%          1
b - Ozocubu's Armour      Ice            16%        N/A       10%         3
c - Frozen Ramparts       Ice            32%        1d5       10%         3

Your spell library contained the following spells:

 Spells                   Type           Power      Damage    Failure   Level
 Ensorcelled Hibernation  Hex/Ice        20%        N/A       11%         2
 Cigotuvi's Dreadful Rot  Necr/Pois/Air  6%         N/A       22%         2
 Lesser Beckoning         Tloc           6%         N/A       22%         2
 Passwall                 Tmut/Erth      2%         N/A       22%         2
 Scorch                   Fire           6%         2d5       22%         2
 Gell's Gravitas          Tloc           3%         N/A       41%         3
 Inner Flame              Hex/Fire       3%         N/A       41%         3
 Swiftness                Air            3%         N/A       41%         3
 Teleport Other           Tloc           3%         N/A       41%         3
 Ice Form                 Ice/Tmut       10%        N/A       56%         4
 Summon Ice Beast         Ice/Summ       10%        N/A       56%         4
 Flame Wave               Conj/Fire      3%         2d5       82%         4
 Sticky Flame             Conj/Fire      3%         2d3       82%         4
 Summon Cactus Giant      Summ           1%         N/A       100%        6


Dungeon Overview and Level Annotations

Branches:
Dungeon (9/15)             Temple (1/1) D:7            Lair (5/5) D:9
  Swamp (0/4) Lair:2       Spider (0/4) Lair:2
  Slime: Lair:4-5       Orc: D:9-12

Altars:
Ashenzari
Cheibriados
Dithmenos
Elyvilon
Fedhas
Gozag
Hepliaklqana
Kikubaaqudgha
Makhleb
Nemelex Xobeh
Okawaru
Qazlal
Ru
Sif Muna
Trog
Uskayaw
Vehumet
Wu Jian
Xom
Yredelemnul
Zin
The Shining One

Shops:
D:8 :==


Innate Abilities, Weirdness & Mutations

You are too large for most types of armour.
You have tough skin. (AC +1)


Message History

The catoblepas is almost dead.
The catoblepas breathes a plume of calcifying dust at you.
The blast of calcifying dust hits you but does no damage.
Unknown command.
You hit the catoblepas.
You feel better.
The catoblepas is almost dead.
You are engulfed in calcifying dust.
Your icy armour starts to melt.
Unknown command.
You hit the catoblepas.
The catoblepas is almost dead.
You are engulfed in calcifying dust.
You block the catoblepas's attack.
Unknown command.
As you read the scroll of teleportation, it crumbles to dust.
You feel strangely unstable.
You are engulfed in calcifying dust.
You are slowing down.
The catoblepas gores you!!
* * * LOW HITPOINT WARNING * * *
The dream sheep ruffles its wool and motes of dream dust sparkle, to no effect.
You feel better.
You are engulfed in calcifying dust.
The catoblepas gores you.
* * * LOW HITPOINT WARNING * * *
Your limbs are stiffening.
You feel better.
Your surroundings suddenly seem different.
Your icy armour cracks and falls away as you move.
A cane toad comes into view.
Found a green potion.
You have turned to stone.
The cane toad gives a loud, deep croak!
A rime drake comes into view.
The cane toad stings you!!
* * * LOW HITPOINT WARNING * * *
The cane toad stings you!!
* * * LOW HITPOINT WARNING * * *
The cane toad stings you!
* * * LOW HITPOINT WARNING * * *
The cane toad stings you!
* * * LOW HITPOINT WARNING * * *
The cane toad stings you!
You die...
Your body crumbles into a pile of gold.

#####...###
##### $ # ..
#.########
#.#.....#.# #
##........#.#
#........!..##.
#@.......
#.F......
##.......
....... .......
$ .......
....... #......


You could see a cane toad.

Vanquished Creatures
  A dire elephant (Lair:5)
  A fire dragon (Lair:1)
  5 hydras
  A catoblepas (Lair:1)
  3 boulder beetles
  A tengu warrior (D:8)
  2 two-headed ogres
  9 death yaks
  2 wolf spiders
  A manticore (D:8)
  10 elephants
  3 black mambas
  7 cane toads
  Maggie (D:6)
  4 rime drakes
  An efreet (D:8)
  5 komodo dragons
  10 polar bears
  A troll (D:9)
  2 raiju (Lair:5)
  15 blink frogs
  A tyrant leech (Lair:2)
  7 dream sheep (Lair:5)
  A culicivora (Lair:2)
  6 wyverns
  A shadow (D:9)
  31 yaks
  2 steam dragons
  4 wargs (Lair:5)
  7 water moccasins
  6 swamp worms
  15 hell hounds (Lair:5)
  10 orc warriors
  16 black bears
  2 sky beasts (D:7)
  24 wolves
  2 ogres
  2 centaurs
  A phantom (D:4)
  5 kobold brigands
  13 bullfrogs
  5 scorpions
  A wight (D:9)
  11 killer bees
  An elephant simulacrum (Lair:2)
  2 electric eels (Lair:4)
  7 howler monkeys
  6 hounds
  Crazy Yiuf (D:3)
  6 orc priests
  2 jellies
  A gnoll bouda (D:9)
  2 sleepcaps
  11 orc wizards
  Robin (D:3)
  A gnoll (D:8)
  6 adders
  2 shadow imps
  5 white imps
  2 ufetubi
  A worm (D:4)
  2 dart slugs
  37 orcs
  5 bats
  8 endoplasms
  3 giant cockroaches
  16 goblins
  4 hobgoblins
  3 jackals (D:2)
  14 kobolds
  2 quokkas
  8 ball pythons
  6 frilled lizards
  7 rats
  A spectral orc (D:9)
431 creatures vanquished.

Vanquished Creatures (others)
  A dream sheep (Lair:5)
  An orc (D:8)
2 creatures vanquished.

Grand Total: 433 creatures vanquished

Notes
Turn   | Place    | Note
-------+----------+-------------------------------------------
     0 | D:1      | leafyfresh the Ogre Ice Elementalist began the quest for
                  | the Orb.
     0 | D:1      | Reached XP level 1. HP: 16/16 MP: 3/3
   141 | D:1      | Reached XP level 2. HP: 22/24 MP: 0/6
   332 | D:1      | You fall into a shaft and drop 1 floor!
   629 | D:1      | Found a faded altar of an unknown god.
   893 | D:1      | Reached XP level 3. HP: 27/31 MP: 6/8
  1050 | D:2      | Got the Book of the Deep Freeze and the Hornet
  1192 | D:2      | Learned a level 3 spell: Ozocubu's Armour
  1196 | D:2      | Learned a level 3 spell: Frozen Ramparts
  1286 | D:2      | Identified the +11 quarterstaff of Eternity {vamp, rElec
                  | rF- rN++}
  1677 | D:3      | Noticed Robin
  1687 | D:3      | Reached skill level 1 in Fighting
  1700 | D:3      | Reached XP level 4. HP: 38/41 MP: 10/10
  1704 | D:3      | Killed Robin
  1705 | D:3      | Reached skill level 1 in Staves
  1749 | D:3      | Found a radiant altar of Vehumet.
  1766 | D:3      | Reached skill level 2 in Fighting
  1904 | D:3      | Reached XP level 5. HP: 50/50 MP: 11/11
  1947 | D:3      | Reached skill level 3 in Fighting
  2303 | D:3      | Found a runed translucent door.
  2304 | D:3      | Noticed Crazy Yiuf
  2450 | D:3      | Killed Crazy Yiuf
  2684 | D:4      | Reached XP level 6. HP: 59/61 MP: 12/12
  3479 | D:4      | Noticed a moth of wrath
  3482 | D:4      | Found a bloodstained altar of Trog.
  3687 | D:5      | Entered Level 5 of the Dungeon
  3784 | D:5      | Reached skill level 5 in Staves
  3786 | D:5      | Reached XP level 7. HP: 67/67 MP: 7/13
  4188 | D:4      | Found a shadowy altar of Dithmenos.
  4190 | D:4      | Found an ornate altar of the Wu Jian Council.
  4190 | D:4      | Found a shimmering blue altar of Sif Muna.
  4192 | D:4      | Found a shimmering altar of Xom.
  4192 | D:4      | Found a sparkling altar of Nemelex Xobeh.
  4192 | D:4      | Found a glowing golden altar of the Shining One.
  4243 | D:4      | Found a glowing silver altar of Zin.
  4275 | D:4      | Found an iron altar of Okawaru.
  4705 | D:5      | Reached XP level 8. HP: 72/75 MP: 14/14
  5593 | D:6      | Noticed Maggie
  5631 | D:6      | Found a blossoming altar of Fedhas.
  5692 | D:6      | Found a shadowy altar of Dithmenos.
  5737 | D:6      | Killed Maggie
  5879 | D:6      | Reached skill level 10 in Staves
  5879 | D:6      | Reached XP level 9. HP: 82/83 MP: 15/15
  6744 | D:7      | Noticed a two-headed ogre
  6745 | D:7      | Found a staircase to the Ecumenical Temple.
  6752 | D:7      | Killed a two-headed ogre
  6760 | Temple   | Entered the Ecumenical Temple
  6945 | Temple   | Became a worshipper of Gozag Ym Sagoz the Greedy
  7189 | D:7      | Reached XP level 10. HP: 91/91 MP: 16/16
  8247 | D:8      | Noticed a two-headed ogre
  8255 | D:8      | Killed a two-headed ogre
  8291 | D:8      | Reached skill level 4 in Fighting
  8314 | D:8      | Noticed a tengu warrior
  8987 | D:8      | Noticed a manticore
  8996 | D:8      | Found Qageps's Jewellery Shop.
  9012 | D:8      | Killed a manticore
  9013 | D:8      | Reached skill level 5 in Fighting
  9218 | D:8      | Identified the +7 rapier of Agony {elec, rCorr}
  9247 | D:8      | Reached skill level 6 in Fighting
  9418 | D:8      | Noticed a walking divine tome
  9421 | D:8      | Found Esiqoopt's Book Boutique.
  9423 | D:8      | Noticed a walking crystal tome
  9503 | D:8      | Killed a tengu warrior
  9504 | D:8      | Reached skill level 7 in Fighting
  9504 | D:8      | Reached XP level 11. HP: 65/109 MP: 17/17
  9655 | D:8      | Found Ruwoeffu's Jewellery Boutique.
  9707 | D:8      | Found a glowing golden altar of the Shining One.
  9798 | D:9      | Reached skill level 5 in Dodging
  9830 | D:9      | Reached skill level 8 in Fighting
 10253 | D:9      | Found a basalt altar of Yredelemnul.
 10319 | D:9      | Reached skill level 9 in Fighting
 10404 | D:9      | Found a sacrificial altar of Ru.
 10467 | D:9      | Found a staircase to the Lair.
 10886 | Lair:1   | Entered Level 1 of the Lair of Beasts
 10907 | Lair:1   | Reached skill level 10 in Fighting
 11203 | Lair:1   | Reached skill level 11 in Fighting
 11245 | Lair:1   | Reached XP level 12. HP: 130/130 MP: 18/18
 11425 | Lair:1   | Noticed a fire dragon
 11447 | Lair:1   | Killed a fire dragon
 11448 | Lair:1   | Reached skill level 12 in Fighting
 11662 | Lair:1   | Noticed a catoblepas
 11681 | Lair:1   | Killed a catoblepas
 12093 | Lair:2   | Noticed a seven-headed hydra
 12094 | Lair:2   | Identified the amulet of Fish {Faith Drain Str+2 Dex+3}
 12216 | Lair:2   | Noticed a death yak
 12217 | Lair:2   | Noticed a death yak
 12217 | Lair:2   | Noticed a death yak
 12217 | Lair:2   | Noticed a death yak
 12238 | Lair:2   | Killed a death yak
 12240 | Lair:2   | Noticed a death yak
 12253 | Lair:2   | Killed a death yak
 12267 | Lair:2   | Killed a death yak
 12268 | Lair:2   | Reached skill level 13 in Fighting
 12276 | Lair:2   | Killed a death yak
 12287 | Lair:2   | Killed a death yak
 12437 | Lair:2   | Noticed a seven-headed hydra
 12465 | Lair:2   | Killed a seven-headed hydra
 12733 | Lair:2   | Noticed a seven-headed hydra
 12740 | Lair:2   | Killed a seven-headed hydra
 12741 | Lair:2   | Reached skill level 14 in Fighting
 12741 | Lair:2   | Reached skill level 10 in Dodging
 12762 | Lair:2   | Found a staircase to the Swamp.
 12972 | Lair:2   | Found a hole to the Spider Nest.
 13236 | Lair:2   | Killed a seven-headed hydra
 13237 | Lair:2   | Reached skill level 1 in Armour
 13629 | Lair:3   | Reached XP level 13. HP: 144/148 MP: 19/19
 13982 | Lair:3   | Reached skill level 15 in Fighting
 15253 | Lair:5   | Entered Level 5 of the Lair of Beasts
 15422 | Lair:5   | Reached skill level 16 in Fighting
 15502 | Lair:5   | Reached skill level 5 in Armour
 15526 | Lair:5   | Identified the +8 chain mail of Pusips {+Inv rC+}
 15959 | Lair:5   | Reached XP level 14. HP: 161/163 MP: 20/20
 16848 | Lair:5   | Reached skill level 17 in Fighting
 16949 | Lair:5   | Noticed a dire elephant
 16995 | Lair:5   | Killed a dire elephant
 17044 | Lair:5   | HP: 8/166 [cane toad (7)]
 17046 | Lair:5   | Slain by a cane toad

Illustrated notes

Levels and vault maps discovered:
D:1:      lemuel_arrival_behind_the_door_large, layout_basic,
          dilly_ecumenical_altar_fadedgnrine
D:2:      layout_basic
D:3:      layout_rooms, nicolae_vehumet_radiance, saegor_snake_ambush,
          uniq_robin, uniq_crazy_yiuf_cottage
D:4:      layout_loops_ring, mainiacjoe_overflow_two_lobes, tgw_trog,
          doesnt_xom_only_xom
D:5:      layout_rooms
D:6:      minmay_angry_zag, layout_loops_ring,
          mainiacjoe_overflow_catch_the_wave, minmay_misc_feat_four_crosses,
          minmay_misc_feat_chi, uniq_maggie
D:7:      layout_layer_cave, minmay_temple_entry_nine_rooms
D:8:      minmay_ornate_pinched, layout_cave_pools,
          mainiacjoe_overflow_tiny_flanked, serial_shops,
          nicolae_shop_mannequins, nicolae_shop_hallway_plus,
          nicolae_shop_gaudy_bauble
D:9:      minmay_the_grid_square_5x5_3x3 [minmay_the_grid_square_5x5_one_wall,
          minmay_the_grid_square_5x5_detours, minmay_the_grid_square_5x5_corner,
          minmay_the_grid_square_5x5_two_walls_b,
          minmay_the_grid_square_5x5_megaprize_hollow,
          minmay_the_grid_square_5x5_almost_minimal,
          minmay_the_grid_square_5x5_bite,
          minmay_the_grid_square_5x5_checkered_sparse,
          minmay_the_grid_square_5x5_n_small], layout_rooms,
          amcnicky_altar_gilded, yredelemnul_forgotten_temple_becter,
          dpeg_oklobed_lair, minmay_misc_feat_x, worms_lemuel
Temple:   hellmonk_temple_forest_ring
Lair:1:   dragon1_lemuel, layout_gridlike, beast_lair_carwin_8,
          grunt_megastairs_5
Lair:2:   layout_hall_layers, palyth_hydra_swamp_entry,
          spider_nest_entry_funnel_web, portal_ice_cave_entry_ice_simulacra,
          chequers_serial_rivers_marsh, chequers_serial_rivers_micro_c,
          st_stairs_11, wad_woods_river_02, lemuel_fruit_tree,
          lemuel_fruit_fields
Lair:3:   layout_big_grid, chequers_serial_rivers_large_a, minivault_19,
          nicolae_lair_lil_pond, grunt_megastairs_2
Lair:4:   layout_regular_city, serial_bayou_lake_a
Lair:5:   hangedman_lair_in_review, layout_cave_pods,
          hangedman_lair_caniforms_friends, slime_entry_1

Skill      XL: |  1  2  3  4  5  6  7  8  9 10 11 12 13 14 |
---------------+-------------------------------------------+-----
Spellcasting   | 3 4 |  4.2
Fighting       | 1 2 3 7 11 14 16 17 | 17.2
Staves         | 2 3 5 7 10 12 14 | 14.0
Dodging        | 4 7 10 11 12 | 12.3
Armour         | 1 5 6 |  6.6
Stealth        | |  1.4
Ice Magic      | |  3.6

Action                     |  1- 3 |  4- 6 |  7- 9 | 10-12 | 13-15 || total
---------------------------+-------+-------+-------+-------+-------++-------
  Melee: Unarmed           |    24 |       |       |       |       ||    24
         Club              |    52 |       |       |       |       ||    52
         Quarterstaff      |    15 |    75 |   200 |   653 |   750 ||  1693
   Cast: Freeze            |    26 |       |       |       |       ||    26
         Ozocubu's Armour  |       |     3 |     3 |     3 |     3 ||    12
         Frozen Ramparts   |       |     3 |     3 |     2 |     2 ||    10
  Evoke: Wand              |       |       |       |     2 |     1 ||     3
    Use: Scroll            |       |     6 |     3 |     6 |     3 ||    18
         Potion            |       |       |       |     1 |     2 ||     3
   Stab: Sleeping          |     5 |     6 |     2 |     2 |       ||    15
         Distracted        |       |       |       |     4 |     9 ||    13
         Petrified         |       |       |       |       |     4 ||     4
         Petrifying        |       |       |       |       |     1 ||     1
 Armour: Robe              |    50 |    19 |    43 |       |       ||   112
         Steam dragon scal |       |       |    46 |   154 |   212 ||   412
  Dodge: Dodged            |    70 |    26 |   133 |   342 |   562 ||  1133
  Block: Other             |       |       |       |    44 |   146 ||   190
